 Dungeon Crawl Stone Soup version 0.20-a0-1015-g2ec8a95 (webtiles) character file.

124 Gorice the Vexing (level 5, 0/28 HPs)
             Began as a Kobold Enchanter on Apr 15, 2017.
             Succumbed to an adder's poison
             ... on level 2 of the Dungeon.
             The game lasted 00:10:46 (3615 turns).

Gorice the Vexing (Kobold Enchanter)                Turns: 3615, Time: 00:10:47

Health: 0/28       AC:  2    Str:  4 (6)  XL:     5   Next: 30%
Magic:  1/8        EV: 20    Int: 15 (17) God:
Gold:   66         SH:  0    Dex: 17 (20) Spells: 2/8 levels left

rFire    . . .     SeeInvis .   a - +1 dagger
rCold    . . .     Gourm    .   (shield restricted)
rNeg     . . .     Faith    .   b - +0 robe
rPois    .         Spirit   .   (no helmet)
rElec    .         Reflect  .   (no cloak)
rCorr    .         Harm     .   (no gloves)
MR       .....                  (no boots)
Stlth    ++++......             (no amulet)
Regen    0.1/turn               (no ring)
MPRegen  0.2/turn               (no ring)

@: agile, lethally poisoned (0 -> -7), very slightly contaminated, hasted, very
quick
A: carnivore 3
a: no special abilities


You were on level 2 of the Dungeon.
You were completely stuffed.

You visited 1 branch of the dungeon, and saw 2 of its levels.

You collected 66 gold pieces.

Inventory:

Hand Weapons
 a - a +1 dagger (weapon)
 e - a +0 mace
 i - a +0 short sword
Missiles
 k - 23 bolts
 Z - 95 stones (quivered)
Armour
 b - a +0 robe (worn)
Jewellery
 h - an uncursed ring of see invisible {unknown}
Scrolls
 f - a scroll of remove curse {unknown}
 g - a scroll of enchant weapon {unknown}
 n - a scroll of amnesia {unknown}
 o - a scroll of teleportation {unknown}
 p - a scroll of enchant armour {unknown}
 q - a scroll of magic mapping {unknown}
 r - a scroll of identify {unknown}
Books
 c - a book of Maledictions
Comestibles
 d - 3 meat rations {!e}
 j - 3 chunks of flesh
 s - a royal jelly


   Skills:
 + Level 3.9 Short Blades
 - Level 2.4 Dodging
 - Level 4.0 Stealth
 - Level 2.1 Spellcasting
 * Level 4.7 Hexes


You had 2 spell levels left.
You knew the following spells:

 Your Spells              Type           Power        Failure   Level  Hunger
a - Corona                Hex            ###....      3%          1    #......
b - Ensorcelled Hibernat  Hex/Ice        #.....       14%         2    ###....
c - Confuse               Hex            ###.....     12%         3    ###....


Dungeon Overview and Level Annotations

Branches:
Dungeon (2/15)

Altars:
Wu Jian


Innate Abilities, Weirdness & Mutations

You are small and have problems with some larger weapons.
You are carnivorous and can eat meat at any time.


Message History

The adder is almost dead.
* * * LOW HITPOINT WARNING * * *
You feel sick. The adder bites you.
* * * LOW HITPOINT WARNING * * *
You are more poisoned.
The adder poisons you!
Damage: 2 (max 5)
Casting: Ensorcelled Hibernation
Confirm with . or Enter, or press ? or * to list all spells.
Aiming: Corona
Press: ? - help, Shift-Dir - straight line, f/p - adder
Aim: an adder (almost dead, chance to defeat MR: 63%)
The adder is outlined in light.
* * * LOW HITPOINT WARNING * * *
You feel sick. The adder misses you.
Damage: 1 (max 5) Unknown command.
You hit the adder.
You kill the adder!
Unknown command.
It was a potion of agility.
You feel agile all of a sudden.
* * * LOW HITPOINT WARNING * * *
You feel sick.
Damage: 1 (max 5) It was a potion of degeneration.
There was something very wrong with that liquid.
You feel weakened.
You feel dopey.
You feel clumsy.
* * * LOW HITPOINT WARNING * * *
You feel sick.
Damage: 1 (max 5) It was a potion of haste.
You feel yourself speed up.
* * * LOW HITPOINT WARNING * * *
You feel sick.
Damage: 1 (max 5) Unknown command.
There is a lethal amount of poison in your body!
Okay, then.
Unknown command.
Unknown command.
Unknown command.
Unknown command.
Unknown command.
Unknown command.
Unknown command.
Unknown command.
Unknown command.
Unknown command.
Unknown command.
You die...

........#####..#
......#.# ##.#
...#..#.# #.##
.#....#.# #..#
........# ##.#
..#....## #.#
..#.#..## #.##
........# #..#
..##....## ##@#
.........# #.#
...#.....# #.##
...##....###
#..#
...##......#
##.#
>........### ..#
.#.##....## #.#
.#.##.....## ..
...#.......# #.#


There were no monsters in sight!

Vanquished Creatures
  A gnoll (D:1)
  4 adders (D:2)
  2 oozes (D:1)
  2 worms (D:2)
  3 dart slugs (D:1)
  2 leopard geckos
  4 bats
  4 giant cockroaches
  8 hobgoblins
  6 kobolds
  A frilled lizard (D:2)
  15 goblins
  4 rats
56 creatures vanquished.

Notes
Turn   | Place    | Note
-------+----------+-------------------------------------------
     0 | D:1      | Gorice the Kobold Enchanter began the quest for the Orb.
     0 | D:1      | Reached XP level 1. HP: 10/10 MP: 3/3
    41 | D:1      | Reached skill level 2 in Short Blades
   464 | D:1      | Reached XP level 2. HP: 15/15 MP: 5/5
   505 | D:1      | HP: 2/15 [hobgoblin (3)]
   547 | D:1      | Learned a level 2 spell: Ensorcelled Hibernation
  1060 | D:1      | Reached XP level 3. HP: 16/19 MP: 1/6
  1070 | D:1      | HP: 3/19 [hobgoblin (4)]
  1679 | D:1      | Reached skill level 3 in Short Blades
  1826 | D:1      | Reached skill level 4 in Hexes
  2036 | D:1      | Reached XP level 4. HP: 23/24 MP: 4/7
  2498 | D:1      | Learned a level 3 spell: Confuse
  2996 | D:2      | Reached XP level 5. HP: 14/28 MP: 1/8
  3173 | D:2      | Found an ornate altar of the Wu Jian Council.
  3604 | D:2      | HP: 8/28 [adder (4)]
  3610 | D:2      | HP: 3/28 [poisoned by an adder]
  3612 | D:2      | HP: 1/28 [poisoned by an adder]
  3615 | D:2      | Succumbed to an adder's poison

Vault maps used:
D:1:      dpeg_arrival_morbid_curiosity
D:2:      lemuel_doored_altar, minivault_4, kennysheep_generic_room_4

Skill      XL: |  1  2  3 |
---------------+----------+-----
Short Blades   | 2 3 |  3.9
Hexes          | 4 |  4.7
Dodging        | |  2.4
Stealth        | |  4.0
Spellcasting   | |  2.1

Action                   |  1- 3 |  4- 6 || total
-------------------------+-------+-------++-------
Melee: Dagger            |   100 |    85 ||   185
 Cast: Corona            |    11 |     5 ||    16
       Ensorcelled Hiber |    16 |    30 ||    46
  Use: Potion            |       |     3 ||     3
 Stab: Sleeping          |    10 |    22 ||    32
  Eat: Chunk             |    11 |     9 ||    20
Armor: Robe              |     4 |     5 ||     9
Dodge: Dodged            |    61 |    62 ||   123

Table legend:
 A = Turns spent in this place as a percentage of turns spent in the entire game.
 B = Non-inter-level travel turns spent in this place as a percentage of non-inter-level travel turns spent in the entire game.
 C = Inter-level travel turns spent in this place as a percentage of turns spent in this place.
 D = Turns resting spent in this place as a percentage of non-inter-level travel turns spent in this place.
 E = Turns spent auto-exploring this place as a percentage of non-inter-level travel turns spent in this place.
 F = Non-inter-level travel turns spent in this place divided by the number of levels of this place that you've seen.
                   A       B       C       D       E      F
               +-------+-------+-------+-------+-------+----------------------
         Total | 100.0 | 100.0 |   0.1 |   5.7 |   3.1 | 573.5
       Dungeon | 100.0 | 100.0 |   0.1 |   5.7 |   3.1 | 573.5
               +-------+-------+-------+-------+-------+----------------------

Vault maps used:
D:1:      dpeg_arrival_morbid_curiosity
D:2:      lemuel_doored_altar, minivault_4, kennysheep_generic_room_4
